 Dungeon Crawl Stone Soup version 0.22-a0-305-gd21a89c (webtiles) character file.

7856 Kidiri the Thaumaturge (level 11, -4/61 HPs)
             Began as a Deep Elf Fire Elementalist on Mar 29, 2018.
             Was a Follower of Vehumet.
             Slain by an eight-headed hydra (6 damage)
             ... on level 1 of the Lair of Beasts.
             The game lasted 00:40:46 (12270 turns).

Kidiri the Thaumaturge (DEFE)                      Turns: 12270, Time: 00:40:47

Health: -4/61      AC: 11    Str:  9    XL:     11   Next: 2%
Magic:  0/28       EV: 12    Int: 36    God:    Vehumet [*.....]
Gold:   217        SH:  4    Dex: 11    Spells: 1/32 levels left

rFire    . . .     SeeInvis .   l - +5 dagger (venom)
rCold    x . .     Gourm    .   E - +0 buckler
rNeg     . . .     Faith    .   M - +1 ring mail "Zuhauc" {+Inv rC- Int+8 Dex-4}
rPois    .         Spirit   .   L - +0 helmet
rElec    .         Reflect  .   b - +0 cloak
rCorr    .         Harm     .   (no gloves)
MR       ++...                  (no boots)
Stlth    +.........             (no amulet)
HPRegen  0.20/turn              f - +4 ring of intelligence
MPRegen  0.21/turn              H - +4 ring of strength

@: very slightly contaminated
A: molten scales 1, blink, magic resistance 1
a: Blink, Renounce Religion, Evoke Invisibility


You were on level 1 of the Lair of Beasts.
You worshipped Vehumet.
Vehumet was aware of your devotion.
You were not hungry.

You visited 3 branches of the dungeon, and saw 12 of its levels.
You also visited: Ossuary.

You collected 901 gold pieces.
You spent 684 gold pieces at shops.

Inventory:

Hand Weapons
 l - a +5 dagger of venom (weapon)
Armour
 b - a +0 cloak (worn)
 E - a +0 buckler (worn)
 L - a +0 helmet (worn)
 M - the +1 ring mail "Zuhauc" (worn) {+Inv rC- Int+8 Dex-4}
   (You bought it in a shop on level 7 of the Dungeon)

   It affects your intelligence (+8).
   It affects your dexterity (-4).
   It makes you vulnerable to cold.
   It lets you turn invisible.
Jewellery
 f - a +4 ring of intelligence (left hand)
 q - an uncursed ring of protection from cold {unknown}
 y - an uncursed ring of ice
 A - an uncursed ring of resist corrosion
 C - an uncursed ring of protection from magic
 H - a +4 ring of strength (right hand)
Wands
 a - a wand of random effects (28)
 d - a wand of scattershot (6)
 m - a wand of enslavement (18)
 o - a wand of disintegration (15)
 w - a wand of polymorph (15)
 N - a wand of digging (6)
 O - a wand of paralysis (7)
Scrolls
 e - 8 scrolls of remove curse
 j - a scroll of identify
 p - 2 scrolls of magic mapping
 x - 3 scrolls of teleportation
 F - 3 scrolls of fog
 G - a scroll of amnesia
 K - a scroll of blinking
Potions
 g - 7 potions of lignification
 h - a potion of cancellation
 i - a potion of curing
 k - 4 potions of might
 n - 3 potions of berserk rage
 s - a potion of agility
 t - 2 potions of resistance
 u - 4 potions of haste {unknown}
 v - a potion of flight
 z - 2 potions of ambrosia
 I - a potion of brilliance
Comestibles
 c - 26 rations


   Skills:
 + Level 4.0 Fighting
 + Level 4.7 Short Blades
 + Level 3.9 Armour
 + Level 6.4 Dodging
 - Level 2.4 Stealth
 + Level 3.3 Shields
 * Level 11.2 Spellcasting
 + Level 6.6 Conjurations
 + Level 7.3 Fire Magic
 + Level 0.9 Air Magic
 + Level 1.2 Poison Magic
 + Level 5.5 Evocations


You had one spell level left.
You knew the following spells:

 Your Spells              Type           Power        Failure   Level  Hunger
a - Flame Tongue          Conj/Fire      #####        1%          1    None
b - Throw Flame           Conj/Fire      ######       1%          2    None
c - Conjure Flame         Conj/Fire      ######..     1%          3    None
d - Inner Flame           Hex/Fire       #####...     3%          3    None
e - Sticky Flame          Conj/Fire      ######..     3%          4    None
f - Fireball              Conj/Fire      ######....   9%          5    None
g - Shock                 Conj/Air       ####         1%          1    None
h - Mephitic Cloud        Conj/Pois/Air  #####...     4%          3    None
i - Olgreb's Toxic Radia  Pois           ####....     34%         4    None
j - Venom Bolt            Conj/Pois      #####.....   30%         5    None


Dungeon Overview and Level Annotations

Branches:
Dungeon (10/15)            Temple (1/1) D:4            Lair (1/6) D:9
    Orc (0/2) D:9

Altars:
Ashenzari
Cheibriados
Dithmenos
Elyvilon
Fedhas
Gozag
Hepliaklqana
Kikubaaqudgha
Makhleb
Nemelex Xobeh
Okawaru
Qazlal
Ru
Sif Muna
Trog
Uskayaw
Vehumet
Wu Jian
Xom
Yredelemnul
Zin
The Shining One

Shops:
D:7 (*%[%


Innate Abilities, Weirdness & Mutations

You are partially covered in molten scales. (AC +2)
You can translocate small distances at will.
You are resistant to hostile enchantments. (MR+)


Message History

You feel better.
Casting: Fireball (slightly dangerous; 9% risk of failure)
Confirm with . or Enter, or press ? or * to list all spells.
Aiming: Sticky Flame (safe; 3% risk of failure)
Press: ? - help, Shift-Dir - straight line, f/p - eight-headed hydra
Aim: an eight-headed hydra (severely wounded)
The sticky flame hits the eight-headed hydra.
The eight-headed hydra is severely wounded.
The eight-headed hydra is covered in liquid flames!
The eight-headed hydra burns!
The eight-headed hydra bites you. The eight-headed hydra bites you!
* * * LOW HITPOINT WARNING * * *
The eight-headed hydra barely misses you.
The eight-headed hydra bites you but does no damage.
The eight-headed hydra bites you.
* * * LOW HITPOINT WARNING * * *
The eight-headed hydra bites you.
* * * LOW HITPOINT WARNING * * *
The eight-headed hydra bites you.
You die...

##....# ### # .. #.....#
#.... #### ##....#
#....######P.####....#####
..........................
..........................
..........................
.........D................
###.###..@...#############
## ##.....# #.....##
#P....# ##....# #....#
#..... ##### ....... .....
.....


You could see an eight-headed hydra (burning).

Vanquished Creatures
  A two-headed ogre (D:8)
  Sigmund (D:5)
  A wraith (D:10)
  A wyvern (D:8)
  2 hogs (D:7)
  2 yaks (D:7)
  A human (D:7)
  A steam dragon (D:9)
  Duvessa (D:5)
  2 porcupines (D:9)
  3 black bears
  2 sky beasts (D:7)
  2 necrophages
  3 orc warriors
  A phantom (D:5)
  3 ice beasts
  5 ogres
  The ghost of anet the Magician, an amateur GnWz (D:3)
  7 centaurs
  A crocodile (D:9)
  9 bullfrogs
  A gnoll sergeant (D:7)
  Dowan (D:5)
  3 scorpions
  7 killer bees (D:9)
  6 wights (D:8)
  3 howler monkeys
  5 crimson imps
  5 hounds
  2 centaur skeletons
  3 gnoll shamans
  2 jellies
  2 orc priests
  2 bullfrog skeletons (D:9)
  Ijyb (D:3)
  Terence (D:2)
  8 orc wizards
  3 iguanas
  4 worker ants
  3 hound skeletons
  8 mummies (Ossuary)
  24 gnolls
  13 adders
  5 shadow imps
  An ooze (D:4)
  An adder skeleton (D:5)
  2 worms (D:2)
  3 dart slugs
  A leopard gecko (D:4)
  20 orcs
  8 bats
  6 giant cockroaches
  2 gnoll zombies (Ossuary)
  15 goblins
  5 hobgoblins
  17 jackals
  2 quokkas
  A frilled lizard (D:3)
  5 hobgoblin zombies (Ossuary)
  A jackal zombie (D:8)
  8 kobolds
  A leopard gecko skeleton (D:4)
  2 leopard gecko zombies
  An orc zombie (Ossuary)
  14 rats
278 creatures vanquished.

Vanquished Creatures (others)
  A hound skeleton (D:8)
  3 fungi (D:9)
4 creatures vanquished.

Grand Total: 282 creatures vanquished

Notes
Turn   | Place    | Note
-------+----------+-------------------------------------------
     0 | D:1      | Kidiri the Deep Elf Fire Elementalist began the quest for the Orb.
     0 | D:1      | Reached XP level 1. HP: 10/10 MP: 6/6
   197 | D:1      | Reached XP level 2. HP: 15/15 MP: 5/8
   201 | D:1      | Learned a level 2 spell: Throw Flame
   803 | D:1      | Reached skill level 4 in Spellcasting
  1146 | D:2      | Reached XP level 3. HP: 19/19 MP: 8/10
  1151 | D:2      | Learned a level 3 spell: Conjure Flame
  1155 | D:2      | Learned a level 3 spell: Inner Flame
  1172 | D:2      | Noticed Terence
  1189 | D:2      | Killed Terence
  1307 | D:2      | Reached skill level 5 in Spellcasting
  1307 | D:2      | Reached XP level 4. HP: 24/24 MP: 9/13
  1435 | D:2      | Learned a level 4 spell: Sticky Flame
  1927 | D:2      | Found an ornate altar of the Wu Jian Council.
  1927 | D:2      | Found a shattered altar of Ashenzari.
  1930 | D:2      | Found a sacrificial altar of Ru.
  2113 | D:3      | Gained mutation: Your muscles are strong. (Str +2) [potion of mutation]
  2113 | D:3      | Gained mutation: You possess an exceptional clarity of mind. [potion of mutation]
  2113 | D:3      | Gained mutation: You have a pair of small horns on your head. [potion of mutation]
  2117 | D:3      | Found a basalt altar of Yredelemnul.
  2139 | D:3      | Reached XP level 5. HP: 19/28 MP: 12/14
  2235 | D:3      | Found a sparkling altar of Nemelex Xobeh.
  2270 | D:3      | Noticed Ijyb
  2271 | D:3      | Noticed anet's ghost (amateur GnWz)
  2277 | D:3      | Killed Ijyb
  2711 | D:3      | Reached skill level 6 in Spellcasting
  3325 | D:3      | Killed anet's ghost
  3325 | D:3      | Reached XP level 6. HP: 32/32 MP: 6/17
  3332 | D:3      | Learned a level 5 spell: Fireball
  3818 | D:4      | Found a sand-covered staircase.
  3824 | Ossuary  | Entered an ossuary
  4377 | Ossuary  | Lost mutation: Your muscles are strong. (Str +2) [potion of mutation]
  4377 | Ossuary  | Lost mutation: You have a pair of small horns on your head. [potion of mutation]
  4377 | Ossuary  | Gained mutation: You are partially covered in rugged brown scales. (AC +1, +3% HP) [potion of mutation]
  4377 | Ossuary  | Gained mutation: Your system is resistant to poisons. (rPois) [potion of mutation]
  4432 | D:4      | Reached skill level 5 in Fire Magic
  4432 | D:4      | Reached skill level 1 in Evocations
  4432 | D:4      | Reached XP level 7. HP: 30/38 MP: 3/19
  4629 | D:4      | Reached skill level 1 in Short Blades
  4634 | D:4      | Reached skill level 7 in Spellcasting
  4654 | D:4      | Reached skill level 1 in Fighting
  4675 | D:4      | Reached skill level 1 in Armour
  5159 | D:5      | Entered Level 5 of the Dungeon
  5213 | D:5      | Noticed Duvessa
  5216 | D:5      | Noticed Dowan
  5220 | D:5      | Killed Duvessa
  5252 | D:5      | Killed Dowan
  5399 | D:5      | Reached XP level 8. HP: 44/44 MP: 1/21
  5444 | D:5      | Noticed Sigmund
  5567 | D:5      | Killed Sigmund
  5567 | D:5      | Reached skill level 8 in Spellcasting
  5840 | D:5      | Found a glowing golden altar of the Shining One.
  6013 | D:4      | Found a staircase to the Ecumenical Temple.
  6027 | Temple   | Entered the Ecumenical Temple
  6316 | D:6      | Lost mutation: Your system is resistant to poisons. (rPois) [potion of mutation]
  6316 | D:6      | Lost mutation: You possess an exceptional clarity of mind. [potion of mutation]
  6316 | D:6      | Lost mutation: You are partially covered in rugged brown scales. (AC +1, +3% HP) [potion of mutation]
  6316 | D:6      | Gained mutation: You are partially covered in molten scales. (AC +2) [potion of mutation]
  6316 | D:6      | Gained mutation: You can translocate small distances at will. [potion of mutation]
  6316 | D:6      | Gained mutation: You are resistant to hostile enchantments. (MR+) [potion of mutation]
  6649 | D:6      | Reached skill level 1 in Shields
  7151 | D:6      | Found a shadowy altar of Dithmenos.
  7296 | D:7      | Found Mijaliesk's Food Emporium.
  7352 | D:7      | Reached XP level 9. HP: 41/49 MP: 16/23
  7373 | D:7      | Reached skill level 9 in Spellcasting
  7387 | D:7      | Reached skill level 5 in Conjurations
  7550 | D:7      | Found Ditwo's Food Shop.
  7588 | D:7      | Reached skill level 5 in Dodging
  7939 | D:7      | Found Biehox's Antique Weapon Boutique.
  7948 | D:7      | Found Esesaluz's General Store.
  7961 | D:7      | Bought a potion of heal wounds for 65 gold pieces
  7961 | D:7      | Bought a potion of ambrosia for 104 gold pieces
  7961 | D:7      | Bought a scroll of enchant weapon for 97 gold pieces
  7961 | D:7      | Bought 2 scrolls of identify for 52 gold pieces
  8123 | D:7      | Reached skill level 10 in Spellcasting
  8154 | D:7      | Found Pigy's Armour Shop.
  8639 | D:8      | Noticed a two-headed ogre
  8645 | D:8      | Killed a two-headed ogre
  8645 | D:8      | Reached XP level 10. HP: 56/56 MP: 17/26
  8812 | D:8      | Found a radiant altar of Vehumet.
  8878 | D:8      | Became a worshipper of Vehumet
  8944 | D:8      | Found a white marble altar of Elyvilon.
  9025 | D:8      | Found an iron altar of Okawaru.
  9690 | D:7      | Bought the +1 ring mail "Zuhauc" {+Inv rC- Int+8 Dex-4} for 366 gold pieces
  9818 | D:9      | Reached skill level 5 in Evocations
  9821 | D:9      | Reached * piety under Vehumet
  9821 | D:9      | Offered knowledge of Shock by Vehumet.
 10073 | D:9      | Learned a level 1 spell: Shock
 10095 | D:9      | Found a staircase to the Orcish Mines.
 10173 | D:9      | Learned a level 3 spell: Mephitic Cloud
 10212 | D:9      | Reached skill level 11 in Spellcasting
 10219 | D:9      | Found a staircase to the Lair.
 10537 | D:9      | Learned a level 4 spell: Olgreb's Toxic Radiance
 10543 | D:9      | Learned a level 5 spell: Venom Bolt
 10601 | D:9      | Noticed a four-headed hydra
 10697 | D:9      | HP: 2/55 [ice beast (21)]
 10705 | D:9      | Reached skill level 1 in Poison Magic
 11267 | D:10     | Entered Level 10 of the Dungeon
 11302 | D:10     | Offered knowledge of Sandblast by Vehumet.
 11311 | D:10     | Reached ** piety under Vehumet
 11545 | D:10     | Reached XP level 11. HP: 53/61 MP: 28/28
 12098 | Lair:1   | Entered Level 1 of the Lair of Beasts
 12257 | Lair:1   | Noticed an eight-headed hydra
 12270 | Lair:1   | HP: 2/61 [eight-headed hydra (6)]
 12270 | Lair:1   | Slain by an eight-headed hydra

Vault maps used:
D:1:      dpeg_arrival_chambers_temple_mockup, hangedman_decor_growths,
          minmay_misc_feat_roman, minmay_box_of_dots
D:2:      grunt_temple_overflow_diamond, uniq_terence
D:3:      lemuel_round_altar, nicolae_overflow_crystal_walls, first_ration,
          uniq_ijyb
D:4:      minmay_temple_entry_from_below_a, nicolae_ossuary_entry_plus
D:5:      marbit_many_paths, uniq_sigmund, uniq_duvessa
D:6:      lemuel_coloured_pillars_altar
D:7:      serial_shops, shop_statue, shop, nicolae_shop_statue_plus, shop, shop,
          hangedman_decor_diamond_cutter, grunt_livestock, minivault_10,
          hangedman_decor_slide_cut
D:8:      overflow_temple_1_default, kennysheep_okawaru_gauntlet,
          elyvilon_altar_4, hangedman_minor_gate_pass
D:9:      due_lair_maze_entry_diamond, orc_0_dummy,
          onia_ninara_dug_in_and_dangerous
Temple:   hc_temple_tempest_star
Lair:1:   st_stairs_4
Ossuary:  ossuary_tomb_3

Skill      XL: |  1  2  3  4  5  6  7  8  9 10 |
---------------+-------------------------------+-----
Spellcasting   | 4 5 6 7 8 10 11 | 11.2
Conjurations   | 2 3 4 5 6 |  6.6
Fire Magic     | 4 5 6 7 |  7.3
Evocations     | 1 2 3 4 5 |  5.5
Short Blades   | 1 2 4 |  4.7
Dodging        | 3 4 5 6 |  6.4
Fighting       | 1 2 3 4 |  4.0
Armour         | 1 2 3 |  3.9
Shields        | 1 2 3 |  3.3
Poison Magic   | 1 |  1.2
Stealth        | |  2.4
Air Magic      | |  0.9

Action                   |  1- 3 |  4- 6 |  7- 9 | 10-12 || total
-------------------------+-------+-------+-------+-------++-------
Melee: Dagger            |    10 |    26 |   158 |   167 ||   361
       Short sword       |     5 |    10 |     9 |       ||    24
       Headbutt          |       |     4 |       |       ||     4
 Cast: Flame Tongue      |    46 |   103 |   115 |   123 ||   387
       Conjure Flame     |       |     4 |     7 |     4 ||    15
       Throw Flame       |       |    11 |    18 |     8 ||    37
       Sticky Flame      |       |     3 |    13 |    27 ||    43
       Inner Flame       |       |     2 |    10 |     4 ||    16
       Fireball          |       |       |     2 |     2 ||     4
       Venom Bolt        |       |       |       |     3 ||     3
 Abil: Blink             |       |       |       |     1 ||     1
  Use: Scroll            |     2 |     4 |    16 |     6 ||    28
       Potion            |       |     3 |     2 |     3 ||     8
 Stab: Sleeping          |     5 |     4 |     5 |     4 ||    18
       Distracted        |       |       |     1 |       ||     1
  Eat: Chunk             |     1 |     7 |    13 |     7 ||    28
       Ration            |       |     1 |       |     2 ||     3
Armor: Robe              |     9 |    11 |    38 |    18 ||    76
       Ring mail         |       |       |       |    66 ||    66
Dodge: Dodged            |    24 |    50 |   121 |   149 ||   344
Block: Buckler           |       |       |     4 |    60 ||    64

Table legend:
 A = Spawn XP
 B = Non-spawn XP
 C = Spawn XP percentage of total XP
 D = Spawn monster count
 E = Non-spawn monster count
 F = Spawn count percentage of total count
 G = Total turns spent on level
                    A         B        C        D         E        F      G
               +---------+---------+-------+---------+---------+-------+---------
         Total |       0 |   11224 |   0.0 |       0 |     278 |   0.0 | 12270
               +---------+---------+-------+---------+---------+-------+---------
           D:1 |       0 |      38 |   0.0 |       0 |      23 |   0.0 |  1214
           D:2 |       0 |     154 |   0.0 |       0 |      22 |   0.0 |   948
           D:3 |       0 |     254 |   0.0 |       0 |      33 |   0.0 |  1652
           D:4 |       0 |     416 |   0.0 |       0 |      21 |   0.0 |   931
           D:5 |       0 |     810 |   0.0 |       0 |      12 |   0.0 |   748
           D:6 |       0 |     829 |   0.0 |       0 |      23 |   0.0 |  1025
           D:7 |       0 |    2465 |   0.0 |       0 |      48 |   0.0 |  1447
           D:8 |       0 |    2873 |   0.0 |       0 |      34 |   0.0 |  1003
           D:9 |       0 |    2739 |   0.0 |       0 |      36 |   0.0 |  1542
          D:10 |       0 |     489 |   0.0 |       0 |      10 |   0.0 |   797
       Ossuary |       0 |     157 |   0.0 |       0 |      16 |   0.0 |   555
               +---------+---------+-------+---------+---------+-------+---------
